 Dungeon Crawl Stone Soup version 0.17.0-28-g6e173f8 (webtiles) character file.

690 septik the Caller (level 7, 0/46 HPs)
             Began as a Mummy Summoner on Nov 25, 2015.
             Slain by a hound (5 damage)
             ... on level 6 of the Dungeon.
             The game lasted 00:23:59 (6762 turns).

septik the Caller (Mummy Summoner)                  Turns: 6762, Time: 00:23:59

Health: 0/46       AC:  6    Str: 12    XL:     7   Next: 36%
Magic:  9/14       EV: 12    Int: 16    God:
Gold:   269        SH:  0    Dex: 12    Spells: 3 memorised, 9 levels left

rFire  . . .     SeeInvis .     h - +0 spear
rCold  + . .     Clarity  .     a - +0 robe
rNeg   + + +     SustAt   .     (no shield)
rPois  ∞         Gourm    .     q - +0 helmet
rElec  .         Spirit   .     (no cloak)
rCorr  .         Warding  .     p - +0 pair of gloves
rMut   .         Stasis   .     g - +1 pair of boots
MR     .....                    (no amulet)
Stlth  ++........               (no ring)
                                m - ring of protection from fire

@: not resistant to hostile enchantments, unstealthy
A: no food or potions, fire vulnerability, cold resistance 1, negative energy
resistance 3, torment resistance, unbreathing
a: no special abilities


You were on level 6 of the Dungeon.
You were not hungry.

You visited 1 branch of the dungeon, and saw 6 of its levels.

You collected 269 gold pieces.

Inventory:

Hand Weapons
 d - a +1 hunting sling of flaming
 e - a +0 club
 h - a +0 spear (weapon)
 o - a +0 short sword of protection
Missiles
 c - 147 stones (quivered)
 k - 75 sling bullets
Armour
 a - a +0 robe (worn)
 g - a +1 pair of boots (worn)
 p - a +0 pair of gloves (worn)
 q - a +0 helmet (worn)
Rods
 r - a +0 rod of inaccuracy (13/13)
   (You found it on level 4 of the Dungeon)
Jewellery
 m - a ring of protection from fire (left hand)
Scrolls
 f - 3 scrolls of teleportation
 i - 2 scrolls of random uselessness {unknown}
 j - a scroll of remove curse
 l - 4 scrolls of identify
 n - 2 scrolls of magic mapping {unknown}
 s - a scroll of blinking {unknown}
Books
 b - a book of Callings

   Spells                             Type                      Level
   a - Summon Small Mammal            Summoning                    1
   b - Call Imp                       Summoning                    2
   c - Call Canine Familiar           Summoning                    3
   d - Summon Guardian Golem          Hexes/Summoning              3
   e - Summon Lightning Spire         Summoning/Air                4
   f - Summon Ice Beast               Ice/Summoning                4


   Skills:
 - Level 1.5 Dodging
 - Level 1.5 Stealth
 + Level 4.8 Spellcasting
 * Level 6.3 Summonings


You had 9 spell levels left.
You knew the following spells:

 Your Spells              Type           Power        Failure   Level  Hunger
a - Summon Small Mammal   Summ           ###.         1%          1    N/A
b - Call Imp              Summ           ###.....     1%          2    N/A
c - Call Canine Familiar  Summ           ###.....     3%          3    N/A

Dungeon Overview and Level Annotations

Branches:
Dungeon (6/15)
 Temple: D:4-7

Altars:
Elyvilon
Fedhas
Gozag
Zin

Shops:
D:4 ?


Innate Abilities, Weirdness & Mutations

You do not eat or drink.
Your flesh is vulnerable to fire.
You are immune to poison.
Your flesh is cold resistant.
You are immune to negative energy.
You are immune to unholy pain and torment.
You can survive without breathing.


Message History

Casting: Call Canine Familiar
Confirm with . or Enter, or press ? or * to list all spells.
The hound bites you but does no damage. The adder bites you.
* * * LOW HITPOINT WARNING * * *
You barely miss the adder.
The adder is heavily wounded.
The hound bites you but does no damage.
Your hound misses the adder. The adder barely misses you.
The hound bites you but does no damage.
Unknown command.
You closely miss the adder.
The adder is heavily wounded.
Your hound completely misses the adder.
The adder closely misses you. The hound misses you.
Your hound bites the adder.
The adder bites your hound.
Unknown command.
You closely miss the adder.
The adder is severely wounded.
The hound bites you but does no damage.
Your hound bites the adder.
The adder dies!
The hound bites you.
You die...

.. .. .. . #.##. ...
... #.# #h# #.# #.#@#
#.#h# #.#o# ##
####[#.######..#### #
#......##!.h.......
.#.##.......)5####.####
............### #.# #.#
....#.......# #.# #.#
............######.#
##.#


You could see an orc warrior, a hound and a friendly hound.

Vanquished Creatures
  A giant frog (D:5)
  An orc priest (D:5)
  Terence (D:3)
  A hound skeleton (D:4)
  2 adders
  A worm (D:2)
  2 giant geckos
  3 orcs
  3 giant cockroaches (D:1)
  3 goblins (D:3)
  4 hobgoblins
  6 bats
  A giant gecko skeleton (D:4)
  5 rats
34 creatures vanquished.

Vanquished Creatures (collateral kills)
  Menkaure (D:4)
  An ogre (D:5)
  A giant frog skeleton (D:4)
  4 crimson imps (D:5)
  4 orc wizards
  A hound (D:6)
  An orc priest (D:3)
  An iguana (D:4)
  3 worker ants
  A worker ant zombie (D:5)
  Robin (D:3)
  5 adders
  4 gnolls
  3 oozes
  22 orcs
  A bat (D:1)
  3 giant cockroaches
  8 goblins
  9 hobgoblins
  2 jackals (D:5)
  6 kobolds
  2 quokkas
  2 giant geckos
  6 giant newts
  A quokka zombie (D:5)
  8 rats
101 creatures vanquished.

Grand Total: 135 creatures vanquished

Notes
Turn   | Place    | Note
--------------------------------------------------------------
     0 | D:1      | septik the Mummy Summoner began the quest for the Orb.
     0 | D:1      | Reached XP level 1. HP: 13/13 MP: 3/3
   533 | D:1      | Reached XP level 2. HP: 10/19 MP: 3/5
  1621 | D:2      | Reached XP level 3. HP: 24/24 MP: 1/6
  2497 | D:3      | Reached skill level 4 in Summonings
  2499 | D:3      | Noticed Terence
  2501 | D:3      | Learned a level 2 spell: Call Imp
  2505 | D:3      | Learned a level 3 spell: Call Canine Familiar
  2528 | D:3      | Killed Terence
  2528 | D:3      | Reached XP level 4. HP: 18/30 MP: 2/8
  3113 | D:3      | Noticed Robin
  3190 | D:3      | Killed Robin
  3614 | D:3      | Reached XP level 5. HP: 33/35 MP: 4/10
  4293 | D:4      | Identified a +0 rod of inaccuracy (13/13) (You found it on level 4 of the Dungeon)
  4351 | D:4      | Noticed Menkaure
  4434 | D:4      | Killed Menkaure
  4434 | D:4      | Reached skill level 5 in Summonings
  4458 | D:4      | Found Otip's Magic Scroll Emporium.
  4550 | D:4      | Reached XP level 6. HP: 36/41 MP: 11/11
  4693 | D:4      | Found an opulent altar of Gozag.
  4752 | D:4      | Found a glowing silver altar of Zin.
  5266 | D:5      | Entered Level 5 of the Dungeon
  5770 | D:5      | Found a white marble altar of Elyvilon.
  5771 | D:5      | Found a blossoming altar of Fedhas.
  6193 | D:6      | Reached XP level 7. HP: 44/46 MP: 8/13
  6194 | D:6      | Reached skill level 6 in Summonings
  6762 | D:6      | Slain by a hound

Action                   |  1- 3 |  4- 6 |  7- 9 || total
-------------------------+-------+-------+-------++-------
Melee: Club              |    34 |       |       ||    34
       Unarmed           |     5 |       |       ||     5
       Spear             |    33 |   174 |    68 ||   275
 Cast: Summon Small Mamm |    79 |    53 |    21 ||   153
       Call Canine Famil |     1 |    29 |    10 ||    40
       Call Imp          |       |    27 |     4 ||    31
  Use: Scroll            |     3 |     1 |       ||     4
 Stab: Distracted        |       |     1 |       ||     1
       Sleeping          |       |     1 |       ||     1
